 Dungeon Crawl Stone Soup version 0.22.1-1-ga44c0e56f4 (webtiles) character file.

7442 Revguard the Cleaver (level 10, -3/79 HPs)
             Began as a Demonspawn Berserker on Oct 24, 2018.
             Was a High Priest of Trog.
             Slain by an orc warrior
             ... wielding a +0 battleaxe
             ... led by an orc warlord
              (13 damage)
             ... on level 1 of the Orcish Mines.
             The game lasted 00:42:06 (10060 turns).

Revguard the Cleaver (Demonspawn Berserker)        Turns: 10060, Time: 00:42:10

Health: -3/79      AC: 19    Str: 21    XL:     10   Next: 93%
Magic:  13/13      EV: 14    Int:  8    God:    Trog [*****.]
Gold:   838        SH:  0    Dex: 19    Spells: 9/9 levels left

rFire    . . .     SeeInvis +   i - +1 war axe
rCold    + . .     Gourm    .   (no shield)
rNeg     + + +     Faith    +   f - +6 ring mail "Icouw" {-Tele rN+++ Str+3 SInv}
rPois    .         Spirit   .   w - +2 hat
rElec    .         Reflect  .   z - scarf {repulsion}
rCorr    .         Harm     .   n - +0 pair of fencer's gloves {+Riposte Dex+3}
MR       ++...     NoTele   +   (no boots)
Stlth    +.........             A - amulet of faith
HPRegen  1.23/turn              E - ring of protection from cold
MPRegen  0.13/turn              (no ring)

@: berserk cooldown, regenerating, slowed, repel missiles, very slow
A: antennae 1, iridescent scales 2, foul stench 1, rot immunity
a: Berserk, Trog's Hand, Brothers in Arms, Renounce Religion


You were on level 1 of the Orcish Mines.
You worshipped Trog.
Trog was extremely pleased with you.
You were not hungry.

You visited 2 branches of the dungeon, and saw 10 of its levels.

You collected 838 gold pieces.

Inventory:

Hand Weapons
 i - a +1 war axe (weapon)
 C - the +10 hand crossbow "Ferch" {venom, rC- Str+8}
   (You found it on level 7 of the Dungeon)

   It poisons the ammo it fires.
   It affects your strength (+8).
   It makes you vulnerable to cold.
Missiles
 B - 18 bolts (quivered)
Armour
 f - the +6 ring mail "Icouw" (worn) {-Tele rN+++ Str+3 SInv}
   (You found it on level 6 of the Dungeon)

   It affects your strength (+3).
   It renders you almost immune to negative energy.
   It lets you see invisible.
   It prevents most forms of teleportation.
 n - the +0 pair of fencer's gloves (worn) {+Riposte Dex+3}
   (You found it on level 4 of the Dungeon)

   It affects your dexterity (+3).
 w - a +2 hat (worn)
 z - a scarf of repulsion (worn)
Jewellery
 q - an uncursed ring of stealth
 A - an amulet of faith (around neck)
 E - a ring of protection from cold (left hand)
Wands
 r - a wand of paralysis (13)
 y - a wand of acid (4)
Scrolls
 e - 4 scrolls of fog
 g - a scroll of immolation
 h - 5 scrolls of teleportation
 k - 3 scrolls of remove curse
 l - a scroll of magic mapping
 p - a scroll of enchant weapon
 t - a scroll of enchant armour
 v - 2 scrolls of noise
Potions
 b - a potion of cancellation
 j - a potion of curing
 m - a potion of berserk rage
 o - 2 potions of might
 s - a potion of brilliance
 u - 3 potions of haste
 F - 2 potions of agility
Miscellaneous
 D - a sack of spiders
Comestibles
 c - 11 rations


   Skills:
 + Level 7.6 Fighting
 + Level 10.6 Axes
 * Level 2.4 Crossbows
 + Level 6.8 Armour
 + Level 4.3 Dodging
 * Level 5.3 Evocations


You had 9 spell levels left.
You didn't know any spells.
Your spell library was empty.

Dungeon Overview and Level Annotations

Branches:
Dungeon (9/15)             Temple (0/1) D:6             Orc (1/2) D:9
   Lair: D:8-11

Altars:
Dithmenos
Gozag
Hepliaklqana
Kikubaaqudgha
Makhleb
Nemelex Xobeh
Okawaru
Ru
Sif Muna
Trog
Vehumet
Xom

Shops:
D:2 *   D:5 [


Innate Abilities, Weirdness & Mutations

You have a pair of small antennae on your head.
You are mostly covered in iridescent scales. (AC +4)
You may emit foul miasma when damaged in melee.
You are immune to rotting.


Message History

You slash the orc warrior!
The orc warrior is heavily wounded.
You hit the orc sorcerer. You barely miss the orc warrior.
You feel better.
The orc sorcerer hits you but does no damage.
The orc sorcerer looks sick.
The orc warrior hits you but does no damage.
The orc warrior closely misses you.
You riposte.
You barely miss the orc warrior.
The orc warrior is heavily wounded.
You hit the orc warrior. You barely miss the orc sorcerer.
The orc sorcerer hits you with a dagger.
* * * LOW HITPOINT WARNING * * *
You barely miss the orc sorcerer.
The orc sorcerer is moderately wounded.
You slash the orc warrior! You hit the orc warrior.
The orc warrior hits you with a dire flail!
* * * LOW HITPOINT WARNING * * *
The orc warrior hits you with a battleaxe!
You die...

## o. ##. .###o ..
..#o #.##... ##.#.#.
##....h## ##.#..ooo##
#......@).##..
###.....$$.#...
#####.###...........
##.#....#..........#.
#.......##.(......#..
#......#.(......#...
##.........<.........
##....................
.........).)...>.....


You could see a warg, an orc sorcerer and 2 orc warriors.

Vanquished Creatures
  A two-headed ogre (D:9)
  The ghost of Cykl0x the Shield-Bearer, a novice GrFi of Okawaru (D:6)
  A troll (D:9)
  A hippogriff (D:7)
  A wyvern (D:6)
  3 hungry ghosts
  A water moccasin (D:9)
  2 wargs (Orc:1)
  2 black bears (D:6)
  An ice beast (D:7)
  6 sky beasts
  A phantom (D:7)
  5 orc warriors
  6 ogres
  2 necrophages
  4 centaurs
  The ghost of LiquoriceLizzard the Covered, an amateur GrFi (D:4)
  3 big kobolds
  Blork the orc (D:6)
  4 bullfrogs
  A gnoll sergeant (D:8)
  2 scorpions
  2 crimson imps
  2 centaur zombies
  2 jellies
  12 hounds
  6 orc priests
  7 gnoll shamans
  2 bullfrog skeletons
  2 orc wizards
  6 iguanas
  A statue (D:4)
  5 worker ants
  A killer bee zombie (D:5)
  A centaur simulacrum (D:6)
  2 worker ant zombies
  29 gnolls
  8 adders
  4 shadow imps
  An ooze (D:6)
  An adder zombie (D:5)
  4 worms
  2 dart slugs (D:1)
  4 leopard geckos
  28 orcs
  8 bats
  4 giant cockroaches
  5 hobgoblins
  7 jackals
  4 quokkas
  3 ball pythons
  A ball python skeleton (D:4)
  A ball python zombie (D:5)
  10 frilled lizards
  A goblin (D:1)
  6 kobolds
  A leopard gecko skeleton (D:5)
  A leopard gecko zombie (D:5)
  8 rats
  3 fungi (D:7)
  5 plants
250 creatures vanquished.

Vanquished Creatures (collateral kills)
  Maurice (Orc:1)
  An ogre (Orc:1)
  An orc wizard (Orc:1)
  An orc (Orc:1)
4 creatures vanquished.

Vanquished Creatures (others)
  A fungus (D:7)
1 creature vanquished.

Grand Total: 255 creatures vanquished

Notes
Turn   | Place    | Note
-------+----------+-------------------------------------------
     0 | D:1      | Revguard the Demonspawn Berserker began the quest for the
                  | Orb.
     0 | D:1      | Reached XP level 1. HP: 18/18 MP: 1/1
   226 | D:1      | Gained mutation: You are immune to rotting. [demonic
                  | ancestry]
   226 | D:1      | Reached XP level 2. HP: 23/24 MP: 2/2
   307 | D:1      | Reached skill level 3 in Axes
   712 | D:2      | Found an ancient bone altar of Kikubaaqudgha.
   733 | D:2      | Gained mutation: You have a pair of small antennae on your
                  | head. [demonic ancestry]
   733 | D:2      | Reached XP level 3. HP: 29/29 MP: 3/3
   799 | D:2      | Found Gozag's Platinum Reserve.
   827 | D:2      | Found an iron altar of Okawaru.
   873 | D:2      | Reached ** piety under Trog
   873 | D:2      | Reached XP level 4. HP: 14/36 MP: 4/4
   877 | D:2      | Found an opulent altar of Gozag.
  1876 | D:3      | Found a shadowy altar of Dithmenos.
  2012 | D:3      | Found a sparkling altar of Nemelex Xobeh.
  2079 | D:3      | Noticed a sky beast
  2094 | D:3      | Killed a sky beast
  2094 | D:3      | Reached skill level 4 in Axes
  2094 | D:3      | Gained mutation: You may emit foul miasma when damaged in
                  | melee. [demonic ancestry]
  2094 | D:3      | Reached XP level 5. HP: 22/42 MP: 5/5
  2394 | D:3      | Found a shimmering altar of Xom.
  2552 | D:3      | Found a faded altar of an unknown god.
  2915 | D:4      | Found the +0 pair of fencer's gloves {+Riposte Dex+3}
  2991 | D:4      | Gained mutation: You are partially covered in iridescent
                  | scales. (AC +2) [demonic ancestry]
  2991 | D:4      | Reached XP level 6. HP: 18/48 MP: 6/6
  3225 | D:4      | Reached skill level 5 in Axes
  3414 | D:4      | Reached XP level 7. HP: 55/55 MP: 7/7
  3439 | D:4      | Found an opulent altar of Gozag.
  3483 | D:4      | Found a radiant altar of Vehumet.
  3795 | D:4      | Found a hazy altar of Hepliaklqana.
  4211 | D:4      | Reached skill level 6 in Axes
  4307 | D:4      | Found a runed door.
  4307 | D:4      | Noticed LiquoriceLizzard's ghost (amateur GrFi)
  4340 | D:4      | Killed LiquoriceLizzard's ghost
  4596 | D:5      | Entered Level 5 of the Dungeon
  4606 | D:5      | Reached skill level 5 in Fighting
  4675 | D:5      | Found Zoitunes's Antique Armour Boutique.
  4688 | D:5      | Gained mutation: You are mostly covered in iridescent
                  | scales. (AC +4) [demonic ancestry]
  4688 | D:5      | Reached XP level 8. HP: 48/62 MP: 8/8
  4995 | D:5      | Reached skill level 5 in Armour
  5055 | D:5      | Found a sacrificial altar of Ru.
  5214 | D:5      | Reached *** piety under Trog
  5220 | D:5      | Reached skill level 7 in Axes
  6020 | D:6      | Reached skill level 1 in Evocations
  6049 | D:6      | Found a transporter.
  6073 | D:6      | Found a staircase to the Ecumenical Temple.
  6092 | D:6      | Got a dazzling ring mail
  6103 | D:6      | Identified the +6 ring mail "Icouw" {-Tele rN+++ Str+3
                  | SInv} (You found it on level 6 of the Dungeon)
  6271 | D:6      | Found a transporter.
  6273 | D:6      | Noticed Cykl0x's ghost (novice GrFi)
  6320 | D:6      | Reached XP level 9. HP: 69/69 MP: 9/9
  6351 | D:6      | Reached skill level 8 in Axes
  6376 | D:6      | Found a bloodstained altar of Trog.
  6406 | D:6      | Noticed Blork the orc
  6424 | D:6      | Killed Blork the orc
  6753 | D:6      | Killed Cykl0x's ghost
  7306 | D:7      | Reached skill level 9 in Axes
  7805 | D:7      | Reached **** piety under Trog
  7811 | D:7      | Reached XP level 10. HP: 70/77 MP: 12/12
  8011 | D:7      | Got a slimy hand crossbow
  8597 | D:8      | Identified the +10 hand crossbow "Ferch" {venom, rC- Str+8}
                  | (You found it on level 7 of the Dungeon)
  8616 | D:8      | Reached skill level 10 in Axes
  8747 | D:8      | Found a burning altar of Makhleb.
  8824 | D:8      | Reached skill level 1 in Crossbows
  8829 | D:8      | Reached ***** piety under Trog
  8963 | D:8      | Found a deep blue altar of Sif Muna.
  9115 | D:9      | Found a staircase to the Orcish Mines.
  9274 | D:9      | Noticed a two-headed ogre
  9285 | D:9      | Killed a two-headed ogre
  9285 | D:9      | Reached skill level 5 in Evocations
 10011 | Orc:1    | Entered Level 1 of the Orcish Mines
 10014 | Orc:1    | Noticed Maurice
 10026 | Orc:1    | Killed Maurice
 10050 | Orc:1    | Noticed an orc sorcerer
 10060 | Orc:1    | Slain by an orc warrior

Skill      XL: |  1  2  3  4  5  6  7  8  9 10 |
---------------+-------------------------------+-----
Axes           | 3 4 5 6 7 9 10 | 10.6
Armour         | 2 3 4 5 6 |  6.8
Dodging        | 2 3 4 |  4.3
Fighting       | 4 5 6 7 |  7.6
Evocations     | 1 3 5 |  5.3
Crossbows      | 2 |  2.4

Action                   |  1- 3 |  4- 6 |  7- 9 | 10-12 || total
-------------------------+-------+-------+-------+-------++-------
Melee: Hand axe          |    96 |   292 |   357 |       ||   745
       War axe           |       |       |   139 |   280 ||   419
 Fire: Hand crossbow     |       |       |       |     1 ||     1
Invok: Berserk           |     2 |     3 |     5 |     2 ||    12
       Trog's Hand       |       |     3 |     5 |     3 ||    11
       Brothers in Arms  |       |       |       |     1 ||     1
  Use: Scroll            |     3 |       |    10 |     8 ||    21
       Potion            |       |       |     2 |     2 ||     4
  Eat: Chunk             |       |     6 |    13 |     5 ||    24
       Ration            |       |     2 |     3 |     4 ||     9
Armor: Chain mail        |    58 |   103 |   194 |       ||   355
       Animal skin       |     1 |       |       |       ||     1
       Ring mail         |       |       |   111 |   117 ||   228
Dodge: Dodged            |    56 |    81 |   242 |   194 ||   573
       Deflected         |       |       |       |     2 ||     2
       Rpst.: Hand axe   |       |    11 |    51 |       ||    62
       War axe           |       |       |    29 |    65 ||    94
